 Dungeon Crawl Stone Soup version 0.29.1-1-gd02db6906a (webtiles) character file.

Game seed: 15022707603103094904

2265 Sanktem7 the Fighter (level 9, -9/85 HPs)
             Began as a Minotaur Berserker on Sept 25, 2022.
             Was an Elder of Trog.
             Mangled by an orc warlord
             ... wielding a +4 broad axe
              (32 damage)
             ... in a bailey.
             The game lasted 00:19:25 (6511 turns).

Sanktem7 the Fighter (Minotaur Berserker)           Turns: 6511, Time: 00:19:26

Health: -9/85      AC: 17    Str: 28    XL:     9   Next: 16%
Magic:  17/17      EV:  9    Int: 10    God:    Trog [****..]
Gold:   290        SH:  0    Dex: 10    Spells: 8/8 levels left

rFire   + + .      SeeInvis +   u - +9 mace "Gihius" {vorpal, rF+ MP+9, mace}
rCold   . . .      Faith    .   (no shield)
rNeg    . . .      Spirit   .   t - +3 chain mail
rPois   .          Reflect  .   (helmet restricted)
rElec   +          Harm     .   f - +2 cloak
rCorr   .          Rampage  .   (no gloves)
Will    +....                   A - +0 pair of boots "Joac" {Str+2}
Stlth   ..........              (no amulet)
HPRegen 0.24/turn               C - ring of see invisible
MPRegen 0.15/turn               e - ring of Sahibb {rElec rF+ Will+ Int+6}

@: no status effects
A: horns 2, retaliatory headbutt
a: Renounce Religion, Berserk, Trog's Hand, Brothers in Arms


You were in a bailey.
You worshipped Trog.
Trog was greatly pleased with you.
You visited 1 branch of the dungeon, and saw 7 of its levels.
You also visited: Bailey.

You collected 434 gold pieces.
You spent 144 gold pieces at shops.


Innate Abilities, Weirdness & Mutations

You have a pair of horns on your head.
You reflexively headbutt those who attack you in melee.


   Skills:
 * Level 10.0 Fighting
 - Level 5.4(7.6) Axes
 * Level 8.3(9.1) Maces & Flails
 + Level 1.4 Throwing
 + Level 6.3 Armour
 - Level 2.1 Dodging


You had 8 spell levels left.
You didn't know any spells.
Your spell library contained the following spells:

 Spells                   Type           Power      Damage    Failure   Level
 Dazzling Flash           Conj/Hex       0%         N/A       99%         3
 Iskenderun's Mystic Bla  Conj/Tloc      0%         2d3       100%        4
 Starburst                Conj/Fire      0%         6d3       100%        6

Inventory:

Hand Weapons
 u - the +9 mace "Gihius" (weapon) {vorpal, rF+ MP+9, mace}
   (You found it on level 3 of the Dungeon)

   It inflicts extra damage upon your enemies.
   rF:        It protects you from fire.
   MP:        It affects your magic capacity (+9).
Missiles
 b - 51 stones {throwing}
 d - 4 atropa-tipped darts (quivered) {throwing}
 n - 3 curare-tipped darts {=fthrowing}
 p - 9 poisoned darts {throwing}
 x - 19 boomerangs {throwing}
 B - 10 javelins {throwing}
Armour
 f - a +2 cloak (worn)
   (You found it on level 1 of the Dungeon)
 t - a +3 chain mail (worn)
   (You found it on level 3 of the Dungeon)
 v - a +0 leather armour
   (You found it on level 7 of the Dungeon)
 w - a +0 leather armour
   (You took it off a goblin in a bailey)
 y - a +0 ring mail
   (You took it off an orc warrior in a bailey)
 A - the +0 pair of boots "Joac" (worn) {Str+2}
   (You found it on level 6 of the Dungeon)

   Str:       It affects your strength (+2).
 D - a +0 leather armour
   (You took it off a gnoll in a bailey)
 F - a +0 ring mail
   (You took it off an orc warrior in a bailey)
 G - a +0 leather armour
   (You took it off a goblin in a bailey)
 H - a +0 chain mail
   (You took it off an orc warrior in a bailey)
 I - a +0 leather armour
   (You took it off a goblin in a bailey)
 J - a +0 scale mail
   (You took it off an orc warrior in a bailey)
 M - a +0 leather armour
   (You took it off a hobgoblin in a bailey)
 N - a +0 leather armour
   (You took it off a gnoll in a bailey)
Jewellery
 e - the ring of Sahibb (right hand) {rElec rF+ Will+ Int+6}
   (You found it on level 7 of the Dungeon)

   [ring of intelligence]

   Int:       It affects your intelligence (+6).
   rF:        It protects you from fire.
   rElec:     It insulates you from electricity.
   Will:      It increases your willpower.
 C - a ring of see invisible (left hand)
   (You found it on level 5 of the Dungeon)
Wands
 r - a wand of polymorph (11)
   (You took it off Crazy Yiuf on level 5 of the Dungeon)
Scrolls
 h - 3 scrolls of magic mapping {!r}
 l - 3 scrolls of teleportation {@r4}
 z - a scroll of vulnerability {!r!r}
 E - 3 scrolls of butterflies
 K - a scroll of brand weapon {unknown}
Potions
 a - 2 potions of brilliance
 c - a potion of attraction {unknown}
 g - a potion of resistance {unknown}
 i - a potion of flight
 j - 2 potions of magic
 k - 5 potions of curing {@q1}
 m - a potion of haste {@q3}
 o - a potion of might
 q - a potion of lignification {unknown}
 s - 2 potions of heal wounds {unknown}
 L - a potion of invisibility {unknown}

Dungeon Overview and Level Annotations

Branches:
Dungeon (7/15) Zot: 26854  Temple (0/1) D:7          Bailey (1/1) Zot: 5646

Altars:
Elyvilon
Kikubaaqudgha
Makhleb
Sif Muna
Zin
The Shining One

Shops:
D:2 *(*(   D:4 [ D:5

! ##### ##### ##...##
##...## ##.....## ##.....##
##.......#######.......##
##..8..8........)..8..8..#
#.........g.....†)........
#........@o......)........
#...8......#'''#......8...
##......####~~~####......#
♣##.....#~~~~~~~~~#.....##
♣.##....#~.8...8.~#....##.
♣♣..###'###.......###'###..
♣...~~~.# ~.8...8.~~#.~~~..
♣♣...~~~.#~.........~#.~~~..
♣∩...~~~.# ...∩... #.~~~..


You could see an orc warlord and a gnoll.


Message History

The orc warrior hits you but does no damage. 😕 HP[+1]
You thump the orc warrior!
A gnoll comes into view. It is wielding a +0 war axe.
The orc warrior hits you with a +0 war axe. 😕 HP[-2]
You take 2 damage, and now have 82/85 hp.
The gnoll shouts!
You hit the orc warrior but do no damage.
You headbutt the orc warrior! The kobold barely misses you.
The orc warrior closely misses you. You furiously retaliate!
You headbutt the orc warrior! You hit the orc warrior.
You kill the orc warrior!
Trog accepts your kill. The kobold hits you but does no damage.
Your Fighting skill increases to level 10!
A hobgoblin comes into view. It is wielding a +0 hand axe.
The hobgoblin shouts!
The kobold hits you but does no damage.
Things that are here:
a +0 war axe {axe}; a +0 scale mail; 😕 HP[+1]
You closely miss the kobold. Your headbutt misses the kobold.
You punch the kobold. The kobold hits you but does no damage.
You sock the kobold!
You kill the kobold!
Trog accepts your kill. The kobold hits you but does no damage.
The gnoll closely misses you. You furiously retaliate!
You headbutt the gnoll! The kobold hits you but does no damage.
Items here: ! $ ( ? †.
You thump the kobold!
You kill the kobold!
Trog accepts your kill.
The gnoll hits you with a +0 war axe. 😕 HP[-3]
You take 3 damage, and now have 80/85 hp.
You hit the gnoll.
You kill the gnoll!
Trog accepts your kill. 😕 HP[+1]
You closely miss the hobgoblin.
The hobgoblin hits you with a +0 hand axe. 😕 HP[-1]
You take 1 damage, and now have 80/85 hp.
You sock the hobgoblin!
You kill the hobgoblin!
Trog accepts your kill.
D - a +0 leather armour You see here a +0 hand axe {axe}. 😕 HP[+1]
x - 18 boomerangs {throwing} (gained 1);
j - 2 potions of magic (gained 1)
E - 3 scrolls of butterflies (gained 1)
You now have 284 gold pieces (gained 13).
You see here a kobold corpse.
x - 19 boomerangs {throwing} (gained 1) 😕 HP[+1]
J - a +0 scale mail You see here a +0 war axe {axe}. 😕 HP[+1]
You now have 290 gold pieces (gained 6). 😕 HP[+1]
K - a scroll labelled NYABAS ADGHOSH 😎 HP[+1]
Your hp is fully restored (85).
L - a grey potion
Found a gate leading back out of this place.
There is an open door here.
There is an open door here.
Found a gate leading back out of this place.
M - a +0 leather armour;
N - a +0 leather armour
Things that are here:
a +0 hand axe {axe}; a +0 war axe {axe}; a gnoll corpse You see here a kobold corpse.
You open the gate.
The orc warlord hits you with a +4 broad axe! 😕 HP[-9]
You take 9 damage, and now have 76/85 hp.
You sock the orc warlord! You headbutt the orc warlord.
The orc warlord hits you with a +4 broad axe!! 😮 HP[-22]
You take 22 damage, and now have 54/85 hp.
MASSIVE DAMAGE!! (PAUSE)
You hit the orc warlord but do no damage.
The orc warlord hits you with a +4 broad axe!!
* * * LOW HITPOINT WARNING * * *
😨 HP[-20]
You take 20 damage, and now have 34/85 hp.
MASSIVE DAMAGE!! (PAUSE)
You sock the orc warlord! You headbutt the orc warlord!
The orc warlord hits you with a +4 broad axe!
* * * LOW HITPOINT WARNING * * *
😨 HP[-11]
You take 11 damage, and now have 23/85 hp.
The orc warlord attacks as you move away!
The orc warlord misses you. The gnoll attacks as you move away!
The gnoll hits you but does no damage.
The orc warlord attacks as you move away!
The orc warlord hits you with a +4 broad axe!!
You die...

Skill      XL: |  1  2  3  4  5  6  7  8  9 |
---------------+----------------------------+-----
Fighting       | 4 5 6 7 8 9 10 | 10.0
Axes           | 4 5 |  5.4
Maces & Flails | 2 4 5 8 |  8.3
Armour         | 3 4 6 |  6.3
Throwing       | 1 |  1.4
Dodging        | |  2.1

Action                   |  1- 3 |  4- 6 |  7- 9 || total
-------------------------+-------+-------+-------++-------
Melee: Hand axe          |    93 |    44 |       ||   137
       Punch             |     2 |       |     3 ||     5
       Headbutt          |    16 |    10 |    16 ||    42
       Mace              |       |    46 |   128 ||   174
  Use: Potion            |       |       |     1 ||     1
       Scroll            |       |       |    16 ||    16
 Stab: Sleeping          |       |       |     1 ||     1
Armor: Animal skin       |     3 |       |       ||     3
       Scale mail        |    34 |    23 |       ||    57
       Chain mail        |       |    30 |    67 ||    97
       Leather armour    |       |     4 |     2 ||     6
Dodge: Dodged            |    52 |    47 |    60 ||   159

Levels and vault maps discovered:
D:1:      onia_arrival_zoo_common, layout_loops_ring,
          chequers_serial_rivers_small_a, minmay_split_cup_large
D:2:      layout_basic, serial_shops, shop, shop, nicolae_shop_behind_doors,
          shop
D:3:      layout_loops_ring, good_gods_temple_1, bloody_makhleb, serial_undead,
          serial_undead_a, serial_undead_c, serial_undead_f, serial_undead_d
D:4:      layout_basic, serial_shops, nicolae_square_shop
D:5:      layout_basic, serial_shops, nicolae_shop_waterfront,
          item_on_display_a, uniq_edmund, uniq_crazy_yiuf_cottage,
          uniq_prince_ribbit1
D:6:      layout_loops_corners, mainiacjoe_overflow_catch_the_wave,
          roderic_serpentine_path
D:7:      layout_loops_ring, minmay_temple_entry_antechambers,
          lightli_bailey_entry_fortress
Bailey:   bailey_axe_bossmonster_kennysheep, bailey

Notes
Turn   | Place    | Note
-------+----------+-------------------------------------------
     0 | D:1      | Sanktem7 the Minotaur Berserker began the quest for the
                  | Orb.
     0 | D:1      | Reached XP level 1. HP: 19/19 MP: 0/0
     0 | D:1      | magus.rc [v1.9.6]
     6 | D:1      | Noticed a wolf
     6 | D:1      | Noticed a swamp worm
     6 | D:1      | Noticed a rime drake
     6 | D:1      | Noticed an iguana
    77 | D:1      | Reached skill level 4 in Fighting
    77 | D:1      | Reached skill level 4 in Axes
    84 | D:1      | Reached XP level 2. HP: 10/27 MP: 1/1
   372 | D:1      | Reached XP level 3. HP: 34/34 MP: 2/2
   565 | D:1      | Reached ** piety under Trog
   983 | D:2      | Found Ejeixi's Antique Weapon Shop.
  1038 | D:2      | Found Qitu Kas's General Store.
  1094 | D:2      | Found Usynisu's Assorted Antiques.
  1145 | D:2      | Found Vuotuev's Weapon Shoppe.
  1391 | D:2      | You pick up a book of Spectacle {forbidden} and begin
                  | reading...
  1391 | D:2      | You add the spells Dazzling Flash, Iskenderun's Mystic
                  | Blast and Starburst to your library.
  1647 | D:3      | Reached XP level 4. HP: 38/41 MP: 3/3
  1733 | D:3      | Reached skill level 5 in Fighting
  1733 | D:3      | Reached skill level 5 in Axes
  1803 | D:3      | Found a glowing golden altar of the Shining One.
  1805 | D:3      | Found a white marble altar of Elyvilon.
  1806 | D:3      | Found a glowing silver altar of Zin.
  2058 | D:3      | Identified the +9 mace "Gihius" {vorpal, rF+ MP+9}
  2065 | D:3      | Found a burning altar of Makhleb.
  2506 | D:4      | Found Guriom's Antique Armour Shop.
  2650 | D:4      | Reached XP level 5. HP: 47/48 MP: 4/4
  2967 | D:4      | Noticed a black bear
  2972 | D:4      | Killed a black bear
  2973 | D:4      | Reached skill level 6 in Fighting
  2973 | D:4      | Reached skill level 2 in Maces & Flails
  2973 | D:4      | Reached skill level 3 in Armour
  3134 | D:4      | Identified the +2 leather armour of Pathos {*Slow rElec
                  | SInv Stlth+}
  3310 | D:5      | Entered Level 5 of the Dungeon
  3326 | D:5      | Reached XP level 6. HP: 52/57 MP: 5/5
  3424 | D:5      | Reached skill level 3 in Maces & Flails
  3430 | D:5      | Found a runed translucent door.
  3431 | D:5      | Noticed Crazy Yiuf
  3458 | D:5      | Reached *** piety under Trog
  3511 | D:5      | Killed Crazy Yiuf
  3543 | D:5      | Found Etuned's Distillery.
  3582 | D:5      | Bought a potion of curing for 36 gold pieces
  3582 | D:5      | Bought a potion of curing for 36 gold pieces
  3582 | D:5      | Bought a potion of curing for 36 gold pieces
  3582 | D:5      | Bought a potion of curing for 36 gold pieces
  3615 | D:5      | Noticed Prince Ribbit
  3622 | D:5      | Reached skill level 7 in Fighting
  3622 | D:5      | Reached skill level 4 in Maces & Flails
  3622 | D:5      | Reached XP level 7. HP: 66/66 MP: 6/6
  3627 | D:5      | Killed Prince Ribbit
  3628 | D:5      | Reached skill level 4 in Armour
  3826 | D:5      | Reached skill level 5 in Maces & Flails
  4015 | D:5      | Noticed Edmund
  4029 | D:5      | HP: 5/67 [Edmund/+4 flail of protection (14)]
  4031 | D:5      | Killed Edmund
  4032 | D:5      | Reached skill level 8 in Fighting
  4034 | D:5      | Reached XP level 8. HP: 15/74 MP: 7/7
  4345 | D:5      | Reached skill level 6 in Maces & Flails
  4515 | D:5      | Reached skill level 5 in Armour
  5500 | D:6      | Reached skill level 9 in Fighting
  5611 | D:6      | Reached skill level 7 in Maces & Flails
  5640 | D:6      | Identified the +0 pair of boots "Joac" {Str+2}
  5726 | D:6      | Found an ancient bone altar of Kikubaaqudgha.
  5770 | D:6      | Found a shimmering blue altar of Sif Muna.
  6026 | D:7      | Found a staircase to the Ecumenical Temple.
  6092 | D:7      | Identified the ring of Sahibb {rElec rF+ Will+ Int+6}
  6130 | D:7      | Reached skill level 6 in Armour
  6146 | D:7      | Found a flagged portal.
  6157 | Bailey   | Entered a bailey
  6162 | Bailey   | Noticed an orc warlord
  6212 | Bailey   | Reached **** piety under Trog
  6217 | Bailey   | Reached skill level 8 in Maces & Flails
  6217 | Bailey   | Reached skill level 1 in Throwing
  6217 | Bailey   | Reached XP level 9. HP: 56/85 MP: 8/8
  6399 | Bailey   | Found a runed translucent gate.
  6399 | Bailey   | Found a runed translucent gate.
  6399 | Bailey   | Found a runed translucent gate.
  6436 | Bailey   | Reached skill level 10 in Fighting
  6511 | Bailey   | Mangled by an orc warlord

Vanquished Creatures
  Prince Ribbit (D:5)
  Edmund (D:5)
  A water moccasin (D:6)
  A black bear (D:4)
  A sky beast (D:7)
  4 orc warriors (Bailey)
  A centaur (D:5)
  A bullfrog (D:6)
  A kobold brigand (D:6)
  2 necrophages (D:5)
  5 scorpions
  2 orc priests (D:5)
  3 jellies
  4 hounds
  Crazy Yiuf (D:5)
  2 iguanas
  3 orc wizards
  2 adders
  5 gnolls
  2 ufetubi
  3 adder skeletons (D:3)
  An adder zombie (D:3)
  2 worms
  3 dart slugs
  20 orcs
  3 ball pythons
  2 bats
  6 endoplasms
  2 giant cockroaches
  11 goblins
  12 hobgoblins
  5 jackals
  15 kobolds
  A quokka (D:4)
  3 frilled lizards
  A jackal zombie (D:3)
  6 rats
139 creatures vanquished.

Vanquished Creatures (others)
  A withered plant (D:3)
1 creature vanquished.

Grand Total: 140 creatures vanquished

Table legend:
 A = Non-vault XP
 B = Vault XP
 C = Vault XP percentage of total XP
 D = Non-vault monster count
 E = Vault monster count
 F = Vault count percentage of total count
                 A         B        C        D         E       F
            +---------+---------+-------+---------+---------+-------
      Total |    2080 |    1157 |  35.7 |     102 |      37 |  26.6
            +---------+---------+-------+---------+---------+-------
        D:1 |      48 |      17 |  26.2 |      24 |       4 |  14.3
        D:2 |      29 |       0 |   0.0 |       9 |       0 |   0.0
        D:3 |      66 |      21 |  24.1 |      15 |       5 |  25.0
        D:4 |     172 |       0 |   0.0 |      15 |       0 |   0.0
        D:5 |     839 |     489 |  36.8 |      17 |       3 |  15.0
        D:6 |     794 |       0 |   0.0 |      21 |       0 |   0.0
        D:7 |     132 |      38 |  22.4 |       1 |       6 |  85.7
     Bailey |       0 |     592 | 100.0 |       0 |      19 | 100.0
            +---------+---------+-------+---------+---------+-------

Illustrated notes

Table legend:
 A = Kills in this place as a percentage of kills in entire the game.
 B = Kills by you in this place as a percentage of kills by you in the entire game.
 C = Kills by friends in this place as a percentage of kills by friends in the entire game.
 D = Other kills in this place as a percentage of other kills in the entire game.
 E = Experience gained in this place as a percentage of experience gained in the entire game.
 F = Experience gained in this place divided by the number of levels of this place that you have seen.
                   A       B       C       D       E      F
               +-------+-------+-------+-------+-------+----------------------
         Total | 100.0 | 100.0 |   N/A |   N/A | 100.0 | 404.6
       Dungeon |  86.3 |  86.3 |   N/A |   N/A |  81.7 | 377.9
        Bailey |  13.7 |  13.7 |   N/A |   N/A |  18.3 | 592.0
               +-------+-------+-------+-------+-------+----------------------

Table legend: (Time is in decaauts)
 A = Elapsed time spent in this place.
 B = Non-inter-level travel time spent in this place.
 C = Inter-level travel time spent in this place.
 D = Time resting spent in this place.
 E = Time spent auto-exploring this place.
 F = Levels seen in this place.
 G = Mean time per level.
                   A        B        C        D        E       F      G
               +--------+--------+--------+--------+--------+-----+--------+
         Total |   6538 |   6261 |    277 |    421 |   4801 |   8 |  817.2 |
       Dungeon |   6185 |   5908 |    277 |    261 |   4797 |   7 |  883.6 |
        Bailey |    353 |    353 |      0 |    160 |      4 |   1 |  353.0 |
               +--------+--------+--------+--------+--------+-----+--------+

Top non-repeatable levels by time:
     D:5: 1582 daAuts
     D:6: 1130 daAuts
     D:1: 910 daAuts
     D:3: 900 daAuts
     D:4: 810 daAuts
     D:2: 704 daAuts
  Bailey: 353 daAuts
     D:7: 145 daAuts
